 Dungeon Crawl Stone Soup version 0.29.1-12-g30fa7ad0bf (webtiles) character file.

Game seed: 10123782563032792778

5624 KittyFluff the Protected (level 10, -5/64 HPs)
             Began as a Gargoyle Berserker on Jan 11, 2023.
             Was an Elder of Trog.
             Slain by an orc warrior
             ... wielding a +0 bardiche
              (10 damage)
             ... in a bailey.
             The game lasted 00:39:58 (10072 turns).

KittyFluff the Protected (Gargoyle Berserker)      Turns: 10072, Time: 00:39:58

Health: -5/64      AC: 21    Str: 21    XL:     10   Next: 73%
Magic:  10/10      EV: 13    Int:  8    God:    Trog [****..]
Gold:   120        SH:  0    Dex: 13    Spells: 9/9 levels left

rFire   + . .      SeeInvis .   F - +6 flail of Indestructible Guilt {drain, rF+ rC+ rCorr}
rCold   + . .      Faith    .   (no shield)
rNeg    + . .      Spirit   .   G - +0 acid dragon scales
rPois   ∞          Reflect  .   j - +0 helmet
rElec   +          Harm     .   y - +1 cloak
rCorr   +          Rampage  .   (no gloves)
Will    .....                   f - +0 pair of boots
Stlth   +.........              (no amulet)
HPRegen 0.20/turn               (no ring)
MPRegen 0.12/turn               (no ring)

@: studying Fighting
A: sickness immunity, AC +7, negative energy resistance 1, electricity
resistance, torment resistance 1, petrification resistance
a: Renounce Religion, Berserk, Trog's Hand, Brothers in Arms


You were in a bailey.
You worshipped Trog.
Trog was greatly pleased with you.
You visited 1 branch of the dungeon, and saw 8 of its levels.
You also visited: Bailey.

You collected 400 gold pieces.
You spent 280 gold pieces at shops.

Inventory:

Hand Weapons
 p - a +3 sling of freezing
 F - the +6 flail of Indestructible Guilt (weapon) {drain, rF+ rC+ rCorr}
   (You bought it in a shop on level 1 of the Dungeon)

   A truly terrible weapon, it drains the life of any living foe it strikes.
   rF:        It protects you from fire.
   rC:        It protects you from cold.
   rCorr:     It protects you from acid and corrosion.
 J - a +0 arbalest
Missiles
 c - 6 silver javelins
 e - a throwing net
 g - 78 stones (quivered)
 m - 4 curare-tipped darts
 D - 6 boomerangs
 E - 6 poisoned darts
Armour
 f - a +0 pair of boots (worn)
 j - a +0 helmet (worn)
 n - a +0 scale mail
 r - a +2 robe of fire resistance
 s - +0 steam dragon scales
 y - a +1 cloak (worn)
 G - +0 acid dragon scales (worn)
Wands
 t - a wand of roots (4)
 v - a wand of flame (3)
Scrolls
 a - a scroll of magic mapping {unknown}
 b - 2 scrolls of teleportation
 h - 2 scrolls of torment {unknown}
 i - 2 scrolls of brand weapon {unknown}
 k - a scroll of summoning {unknown}
 o - a scroll of amnesia {unknown}
 q - 2 scrolls of enchant weapon
 x - a scroll of fear {unknown}
 B - 2 scrolls of butterflies
 C - a scroll of immolation
Potions
 d - 2 potions of lignification
 l - 4 potions of curing
 w - a potion of resistance
 z - a potion of flight
 A - 2 potions of attraction
 H - a potion of haste {unknown}
 I - a potion of heal wounds {unknown}


   Skills:
 + Level 7.7 Fighting
 * Level 9.6 Maces & Flails
 * Level 10.3 Armour
 + Level 5.5 Dodging


You had 9 spell levels left.
You didn't know any spells.
Your spell library was empty.

Dungeon Overview and Level Annotations

Branches:
Dungeon (8/15)             Temple (0/1) D:7          Bailey (1/1)
   Lair: D:8-11

Altars:
Fedhas
Gozag
Qazlal
Ru
Sif Muna
Trog
Uskayaw
Vehumet
Wu Jian
The Shining One

Shops:
D:1 ([(   D:5 ?


Innate Abilities, Weirdness & Mutations

You are immune to sickness and miasma.
Your stone body is resilient. (AC +7)
You are immune to poison.
You resist negative energy. (rN+)
You are resistant to electric shocks. (rElec)
You are resistant to unholy torment.
You are immune to petrification.


Message History

The orc warrior hits your butterfly with a +0 bardiche.
Your butterfly dies!
Your butterfly disappears in a burst of colours!
You swap places.
The orc knight hits your butterfly with a +0 halberd!!!
Your butterfly dies!
Your butterfly disappears in a burst of colours!
There is an open gate here.
The orc knight hits your butterfly with a +0 halberd!!!
Your butterfly dies!
Your butterfly disappears in a burst of colours!
Something closely misses your butterfly.
The orc knight roars a battlecry!
The orc knight barely misses you. The orc warrior barely misses you.
The orc knight attacks as you move away!
The orc knight barely misses you.
The orc knight attacks as you move away!
The orc knight hits you with a +0 halberd!!!
Ouch! That really hurt!
The orc knight misses you. Something barely misses your butterfly.
The orc knight no longer looks unusually strong.
Something hits your butterfly!!!
Your butterfly dies!
Your butterfly disappears in a burst of colours!
As you read the scroll labelled PAUCUAJE XOBOT, it crumbles to dust.
It is a scroll of enchant weapon.
Your +2 sling of freezing glows red for a moment.
The orc knight hits you from afar with a +0 halberd!
* * * LOW HITPOINT WARNING * * *
The orc knight roars a battlecry!
The orc knight goes into a battle-frenzy!
You feel better.
The orc warrior no longer looks unusually strong.
The orc knight hits you from afar with a +0 halberd!!
* * * LOW HITPOINT WARNING * * *
As you read the scroll labelled TEDITOSMARR, it crumbles to dust.
It is a scroll of enchant armour.
Your +0 cloak glows green for a moment.
The orc warrior hits you from afar with a +0 bardiche!
You die...

#.....≈#...................).)).
#.....≈##)∩#≈...............≈#∩.
#.....≈≈#.##≈....#######....≈##.
#......≈≈.≈≈≈...##....##....≈≈≈.
#.........)....##.....##........
#.............##.o#'''##........
#.............#oo##o.b##..##....
#............##.####'####.##....
#............##@')#.b.#)'.##....
#............##.###._.###.##....
#............##.')#:.!#)'.##....
#............##.#########.##....
#.............#..##)#.##..#.....
#.............##..#'#'#..##.....
#..............##.......##......
#......≈≈.≈≈≈...#########...≈≈≈.
#.....≈≈#.##≈......###......≈##.


You could see 2 orc knights and an orc warrior.

Vanquished Creatures
  An ugly thing (D:8)
  Maggie (D:7)
  A kobold demonologist (D:8)
  Sigmund (D:3)
  A shadow (D:8)
  A vampire (D:7)
  A steam dragon (D:7)
  2 vampire mosquitoes (D:8)
  10 orc warriors (Bailey)
  4 ogres
  3 black bears
  3 sky beasts
  2 centaurs
  2 bullfrogs
  A necrophage (D:7)
  2 gnoll sergeants
  5 wights (D:7)
  8 killer bees (D:7)
  5 howler monkeys
  A hound (D:5)
  Crazy Yiuf (D:3)
  3 orc priests
  Jessica (D:3)
  6 iguanas
  5 orc wizards
  19 gnolls
  5 adders
  A white imp (D:5)
  3 ufetubi
  4 worms
  A dart slug (D:4)
  37 orcs
  6 bats
  5 endoplasms
  3 giant cockroaches
  8 goblins
  4 hobgoblins
  3 jackals (D:4)
  4 kobolds
  2 quokkas
  4 ball pythons
  4 frilled lizards
  A rat (D:2)
185 creatures vanquished.

Notes
Turn   | Place    | Note
-------+----------+-------------------------------------------
     0 | D:1      | KittyFluff the Gargoyle Berserker began the quest for the
                  | Orb.
     0 | D:1      | Reached XP level 1. HP: 14/14 MP: 1/1
   198 | D:1      | Found Dijour's Antique Weapon Shop.
   307 | D:1      | Found Omyc's Armour Emporium.
   577 | D:1      | Found Igaawir's Antique Weapon Shop.
   709 | D:1      | Reached XP level 2. HP: 19/19 MP: 2/2
  1113 | D:2      | Found a stormy altar of Qazlal.
  1322 | D:2      | Reached XP level 3. HP: 23/23 MP: 3/3
  1405 | D:2      | Reached skill level 3 in Armour
  1410 | D:2      | Found a faded altar of an unknown god.
  1661 | D:2      | Reached XP level 4. HP: 29/29 MP: 4/4
  2164 | D:3      | Reached ** piety under Trog
  2216 | D:3      | Noticed Jessica
  2224 | D:3      | Killed Jessica
  2225 | D:3      | Reached XP level 5. HP: 23/33 MP: 5/5
  2443 | D:3      | Reached skill level 4 in Armour
  2750 | D:3      | Found a bloodstained altar of Trog.
  2978 | D:3      | Found an opulent altar of Gozag.
  2978 | D:3      | Noticed Sigmund
  2998 | D:3      | Killed Sigmund
  2999 | D:3      | Reached XP level 6. HP: 38/39 MP: 6/6
  3128 | D:3      | Found a runed translucent door.
  3129 | D:3      | Noticed Crazy Yiuf
  3136 | D:3      | Killed Crazy Yiuf
  3389 | D:4      | You fall into a shaft and drop 1 floor!
  3389 | D:5      | Entered Level 5 of the Dungeon
  3536 | D:5      | Found Ytowiur's Magic Scroll Shop.
  3592 | D:5      | Reached skill level 5 in Maces & Flails
  3592 | D:5      | Reached XP level 7. HP: 44/44 MP: 7/7
  3629 | D:5      | Reached skill level 5 in Armour
  3963 | D:1      | Bought a shimmering flail for 238 gold pieces
  3963 | D:1      | Identified the +6 flail of Indestructible Guilt {drain, rF+
                  | rC+ rCorr} (You bought it in a shop on level 1 of the
                  | Dungeon)
  4054 | D:4      | Found an ornate altar of the Wu Jian Council.
  4709 | D:5      | Found a radiant altar of Vehumet.
  4881 | D:5      | Bought a scroll of teleportation for 42 gold pieces
  5103 | D:6      | Reached skill level 5 in Fighting
  5138 | D:5      | Reached skill level 6 in Armour
  5138 | D:5      | Reached XP level 8. HP: 13/49 MP: 8/8
  5589 | D:6      | Found a sacrificial altar of Ru.
  5692 | D:6      | Reached *** piety under Trog
  6228 | D:5      | Reached skill level 7 in Armour
  6350 | D:6      | Found a hide-covered altar of Uskayaw.
  6533 | D:7      | Noticed Maggie
  6796 | D:7      | Reached XP level 9. HP: 55/55 MP: 9/9
  7044 | D:7      | Reached skill level 8 in Armour
  7201 | D:7      | Killed Maggie
  7731 | D:7      | Found a shimmering blue altar of Sif Muna.
  7828 | D:7      | Reached skill level 9 in Armour
  7873 | D:7      | Found a stormy altar of Qazlal.
  7934 | D:7      | Found a glowing golden altar of the Shining One.
  8000 | D:7      | Found a staircase to the Ecumenical Temple.
  8014 | D:7      | Found a blossoming altar of Fedhas.
  8085 | D:8      | Identified the +5 long sword "Cieph" {vorpal, rPois rC- rN+
                  | rCorr}
  8098 | D:8      | Noticed a centaur warrior
  8098 | D:8      | Noticed a kobold demonologist
  8099 | D:8      | Noticed an efreet
  8100 | D:8      | Noticed a purple ugly thing
  8103 | D:8      | Noticed a sixfirhy
  8107 | D:8      | Reached XP level 10. HP: 55/61 MP: 10/10
  8120 | D:8      | Killed a purple ugly thing
  8121 | D:8      | Reached skill level 5 in Dodging
  8127 | D:8      | Reached **** piety under Trog
  8133 | D:8      | Killed a kobold demonologist
  8507 | D:8      | Noticed a two-headed ogre
  8630 | D:8      | Found a flagged portal.
  8664 | Bailey   | Entered a bailey
  9126 | Bailey   | Reached skill level 10 in Armour
 10051 | Bailey   | Noticed an orc knight
 10051 | Bailey   | Noticed an orc knight
 10072 | Bailey   | Slain by an orc warrior

Illustrated notes

Levels and vault maps discovered:
D:1:      evilmike_arrival_home_sweet_home, layout_loops_corners, serial_shops,
          nicolae_shop_temple_entry_statues_fountains, shop, shop
D:2:      layout_loops_ring, basic_altar, nicolae_ecumenical_pavilion,
          st_stairs_1
D:3:      layout_loops_cross, mainiacjoe_overflow_24_doors, trog_book,
          kennysheep_generic_room_11, uniq_crazy_yiuf_cottage, uniq_sigmund,
          uniq_jessica
D:4:      layout_loops_cross, mainiacjoe_overflow_brackets
D:5:      layout_gridville, general_overflow_altar, serial_shops, shop
D:6:      layout_cave_pools, mainiacjoe_overflow_chevrons,
          nicolae_ru_sacrificial_ziggurat
D:7:      layout_rooms, mainiacjoe_overflow_concentric_impassable,
          mainiacjoe_overflow_alcove_1, nicolae_qazlal_style_of_elements,
          tso_altar, minmay_temple_entry_stoned_glass, uniq_maggie
D:8:      minmay_the_grid_octo_2x2 [minmay_the_grid_octo_77,
          minmay_the_grid_octo_vomiting_pacman, minmay_the_grid_octo_clover_2,
          minmay_the_grid_octo_prize_square_snowflake], layout_loops_ring,
          gammafunk_ghost_hydra_chop, enter_bailey_3, amethyst_killhole
Bailey:   bailey_polearm_2, bailey

Skill      XL: |  1  2  3  4  5  6  7  8  9 10 |
---------------+-------------------------------+-----
Armour         | 3 4 6 7 9 10 | 10.3
Dodging        | 2 3 4 5 |  5.5
Maces & Flails | 4 5 7 8 9 |  9.6
Fighting       | 4 5 6 7 |  7.7

Action                   |  1- 3 |  4- 6 |  7- 9 | 10-12 || total
-------------------------+-------+-------+-------+-------++-------
Melee: Mace              |    90 |    72 |       |       ||   162
       Flail             |       |    70 |   295 |   166 ||   531
       Punch             |       |     1 |     6 |     1 ||     8
 Fire: Sling             |       |       |       |    19 ||    19
Throw: Stone             |       |       |     1 |       ||     1
Invok: Berserk           |       |     3 |     3 |     2 ||     8
  Use: Scroll            |       |       |     9 |     3 ||    12
       Potion            |       |       |     1 |     1 ||     2
Armor: Animal skin       |    45 |     8 |       |       ||    53
       Leather armour    |       |    10 |       |       ||    10
       Robe              |       |    60 |    77 |       ||   137
       Ring mail         |       |       |    87 |       ||    87
       Acid dragon scale |       |       |     7 |   130 ||   137
Dodge: Dodged            |    67 |   121 |   235 |   236 ||   659
